 Dungeon Crawl Stone Soup version 0.18-b1-20-g17449fe (webtiles) character file.

115 LORDOFBUTT the Ruffian (level 4, -1/44 HPs)
             Began as a Troll Monk on May 3, 2016.
             Succumbed to kobold's curare-tipped needle
             ... on level 3 of the Dungeon.
             The game lasted 00:02:08 (1614 turns).

LORDOFBUTT the Ruffian (Troll Monk)                 Turns: 1614, Time: 00:02:09

Health: -1/44      AC:  5    Str: 21 (24) XL:     4   Next: 68%
Magic:  3/3        EV: 10    Int:  3 (6)  God:
Gold:   120        SH:  0    Dex: 10 (13) Spells: 0 memorised, 3 levels left

rFire  + . .     SeeInvis .       - Unarmed
rCold  + . .     Gourm    +     a - +0 robe
rNeg   . . .     Faith    .     (no shield)
rPois  +         Spirit   .     (helmet restricted)
rElec  +         Dismiss  .     (no cloak)
rCorr  +         Reflect  .     (gloves unavailable)
SustAt .         Harm     .     (boots unavailable)
MR     .....                    (no amulet)
Stlth  +.........               (no ring)
                                (no ring)

@: mighty, lethally poisoned (-1 -> -8), resistant, flying, slowed, very slow,
not resistant to hostile enchantments, very unstealthy
A: unfitting armour, claws 3, fast metabolism 3, gourmand, regeneration 2,
shaggy fur 1, tough skin 2
a: no special abilities


You were on level 3 of the Dungeon.
You were full.

You visited 1 branch of the dungeon, and saw 3 of its levels.

You collected 120 gold pieces.

Inventory:

Armour
 a - a +0 robe (worn)
Jewellery
 h - an uncursed ring of fire {unknown}
Scrolls
 d - a scroll of blinking {unknown}
 f - 5 scrolls of identify {unknown}
 g - a scroll of fog {unknown}
 i - a scroll of enchant armour {unknown}
 k - a scroll of enchant weapon {unknown}
Comestibles
 b - 4 bread rations
 m - 2 meat rations


   Skills:
 - Level 2.4 Fighting
 + Level 3.2 Dodging
 - Level 1.1 Stealth
 + Level 5.5 Unarmed Combat


You had 3 spell levels left.
You didn't know any spells.

Dungeon Overview and Level Annotations

Branches:
Dungeon (3/15)

Altars:
Ashenzari
Elyvilon
Ru
Vehumet


Innate Abilities, Weirdness & Mutations

You are too large for most types of armour.
You have claws for hands.
Your metabolism is lightning-fast.
You like to eat raw meat.
You heal very quickly.
You are covered in fur (AC +1).
You have very tough skin (AC +2).


Message History

You feel very sick. The kobold misses you.
Drink which item? (? for menu, Esc to quit)
It was a potion of cure mutation.
It has a very clean taste.
* * * LOW HITPOINT WARNING * * *
You feel very sick. The kobold barely misses you.
The kobold hits you but does no damage.
* * * LOW HITPOINT WARNING * * *
You feel very sick. The kobold closely misses you.
Drink which item? (? for menu, Esc to quit)
It was a potion of resistance.
You feel protected.
* * * LOW HITPOINT WARNING * * *
You feel sick. The kobold barely misses you. x2
Drink which item? (? for menu, Esc to quit)
It was a potion of flight.
You feel very buoyant.
You fly up into the air.
You die...

[# #.........####...##.#
...(+.........'.......#.#
.##...........##.#....#.#
## .##.......###.##(#.#.#
# ##.....## #.#..>...# .
##...## #.#.##.### ..
##+# #.#(# .# . #.#.##.##
. #@(.....# #..K.....# #
#...8....# #..8.8...#
#.8._.8.(# #..8.8...# ..
....8....# ...
##.......## ...


You could see a kobold.

Vanquished Creatures
  5 adders
  An ooze (D:1)
  2 worms (D:2)
  5 dart slugs
  A giant gecko (D:1)
  An orc (D:3)
  5 giant cockroaches
  11 goblins
  5 hobgoblins
  A kobold (D:2)
  A quokka (D:3)
  6 bats
  2 rats (D:1)
46 creatures vanquished.

Notes
Turn   | Place    | Note
--------------------------------------------------------------
     0 | D:1      | LORDOFBUTT the Troll Monk began the quest for the Orb.
     0 | D:1      | Reached XP level 1. HP: 22/22 MP: 0/0
   219 | D:1      | Reached XP level 2. HP: 29/29 MP: 1/1
   659 | D:1      | Reached XP level 3. HP: 36/36 MP: 2/2
   871 | D:2      | Found a shattered altar of Ashenzari.
   956 | D:2      | Reached skill level 5 in Unarmed Combat
  1015 | D:2      | Reached XP level 4. HP: 40/44 MP: 3/3
  1042 | D:2      | Found a sacrificial altar of Ru.
  1158 | D:2      | Found a white marble altar of Elyvilon.
  1165 | D:2      | Found a radiant altar of Vehumet.
  1605 | D:3      | Found a faded altar to an unknown god.
  1612 | D:3      | HP: 2/44 [poisoned by kobold (curare-tipped needle)]
  1614 | D:3      | Succumbed to kobold's curare-tipped needle

Skill      XL: |  1  2  3 |
---------------+----------+-----
Unarmed Combat | 5 |  5.5
Dodging        | 3 |  3.2
Fighting       | |  2.4
Stealth        | |  1.1

Action                   |  1- 3 |  4- 6 || total
-------------------------+-------+-------++-------
Melee: Unarmed           |    61 |    54 ||   115
       Punch             |     1 |     2 ||     3
  Use: Potion            |       |     5 ||     5
 Stab: Sleeping          |     2 |     3 ||     5
  Eat: Chunk             |     9 |     6 ||    15
       Fruit             |       |     1 ||     1
       Pizza             |       |     1 ||     1
Armor: Robe              |    16 |    10 ||    26
Dodge: Dodged            |    36 |    40 ||    76
